 Dungeon Crawl Stone Soup version 0.32-a0-981-g384da2ce10 (webtiles) character file.

Game seed: 3773040884615885665

7773 LostInTranslocation the Fighter (level 11, 0/93 HPs)
             Began as a Coglin Monk on Apr 21, 2024.
             Was a Believer of Uskayaw.
             Engulfed by a cloud of poison gas (4 damage)
             ... on level 9 of the Dungeon.
             The game lasted 00:44:43 (9132 turns).

LostInTranslocation the Fighter (Coglin Monk)       Turns: 9132, Time: 00:44:43

Health: 0/93       AC:  7    Str: 15    XL:     11   Next: 20%
Magic:  14/14      EV: 15    Int: 10    God:    Uskayaw [**....]
Gold:   554        SH:  0    Dex: 17    Spells: 10/10 levels left

rFire   . . .        V - +3 trident (drain) {Zhen}
rCold   + . .        W - +6 demon trident (venom) {Fernando}
rNeg    . . .        O - +2 leather armour {rC+}
rPois   .            z - +0 helmet
rElec   .            (no cloak)
rCorr   .            (no gloves)
SInv    .            J - +0 pair of boots
Will    +....        (amulet unavailable)
Stlth   +            (ring unavailable)
HPRegen 0.35/turn    (ring unavailable)
MPRegen 0.14/turn    (no gizmo)

%: no passive effects
@: lethally poisoned (0 -> -66), enlightened, flying, revving
A: off-hand wielding, slow wielding, warmup strikes, no jewellery
a: Invent Gizmo, Renounce Religion, Stomp, Line Pass


You were on level 9 of the Dungeon.
You worshipped Uskayaw.
Uskayaw was noncommittal.
You visited 2 branches of the dungeon, and saw 10 of its levels.
You also visited: Ossuary.

You collected 554 gold pieces.

Inventory:

Hand Weapons
 a - a +0 hand axe {Bonhwa}
 l - a +0 hand axe {Gebhard}
 p - a +1 flail {Heine}
 t - a +1 flail of protection {Olga}
 B - a +1 short sword of electrocution {Illuratum}
 Q - a +0 morningstar
 R - a +0 whip of electrocution {Hwan}
 V - a +3 trident of draining (weapon) {Zhen}
 W - a +6 demon trident of venom (offhand) {Fernando}
 X - a +3 whip of pain
Missiles
 o - 33 poisoned darts (quivered)
Armour
 d - an orb of light
 z - a +0 helmet (worn)
 J - a +0 pair of boots (worn)
 O - a +2 leather armour of cold resistance (worn)
 T - +0 steam dragon scales
 Z - the orb of Unreason {*Rage, rF++ Will+ Stlth-}
   (You found it on level 8 of the Dungeon)

   rF++:      It greatly protects you from fire.
   Will+:     It increases your willpower.
   Stlth-:    It makes you less stealthy.
Magical Staves
 v - a staff of fire
 U - a staff of air
Talismans
 u - a maw talisman
Wands
 I - a wand of digging (8)
 M - a wand of polymorph (18)
Scrolls
 A - a scroll of torment
 D - 2 scrolls of revelation
 E - 4 scrolls of teleportation
 H - a scroll of poison
 K - 2 scrolls of amnesia
 N - a scroll of fear
Potions
 c - a potion of ambrosia
 j - a potion of brilliance
 m - 3 potions of mutation
 q - 4 potions of magic
 r - 2 potions of haste
 G - a potion of berserk rage {unknown}
 L - 2 potions of might
 S - a potion of lignification {unknown}


   Skills:
 - Level 11.3 Fighting
 - Level 7.2(7.4) Axes
 * Level 2.0(4.6) Polearms
 - Level 4.2 Armour
 - Level 8.0 Dodging
 - Level 4.5 Invocations


You had 10 spell levels left.
You didn't know any spells.
Your spell library contained the following spells:

 Spells                   Type           Power      Damage    Failure   Level
 Freeze                   Ice            0%         1d3       43%         1
 Ensorcelled Hibernation  Hex/Ice        0%         N/A       56%         2
 Mercury Vapours          Alch/Air       0%         N/A       56%         2
 Dazzling Flash           Conj/Hex       0%         N/A       80%         3
 Frozen Ramparts          Ice            0%         1d1       80%         3
 Fugue of the Fallen      Necr           0%         N/A       80%         3
 Hailstorm                Conj/Ice       0%         3d5       80%         3
 Mephitic Cloud           Conj/Alch/Air  0%         N/A       80%         3
 Ozocubu's Armour         Ice            0%         N/A       80%         3
 Anguish                  Hex/Necr       0%         N/A       99%         4
 Freezing Cloud           Conj/Ice/Air   0%         6-21      100%        5
 Starburst                Conj/Fire      0%         6d3       100%        6
 Manifold Assault         Tloc           0%         N/A       100%        7
 Fulsome Fusillade        Conj/Alch      0%         (3-5)d4   100%        8


Dungeon Overview and Level Annotations

Branches:
Dungeon (9/15)             Temple (1/1) D:4            Lair (0/5) D:8
Ossuary (visited)
    Orc: D:9-12

Altars:
Ashenzari
Cheibriados
Dithmenos
Elyvilon
Fedhas
Gozag
Hepliaklqana
Kikubaaqudgha
Makhleb
Nemelex Xobeh
Okawaru
Qazlal
Ru
Sif Muna
Trog
Uskayaw
Vehumet
Wu Jian
Xom
Yredelemnul
Zin
The Shining One

Shops:
D:1 :   D:6 [

Annotations:
D:8 exclusion: ugly thing


Innate Abilities, Weirdness & Mutations

You can wield a second weapon in your off-hand.
It takes a long time for you to wield or remove held weapons.
Your first few attacks do less damage.
You cannot equip rings or amulets.


Message History

You puncture the swamp dragon with your +3 trident of draining!
You drain the swamp dragon.
You kill the swamp dragon!
The two-headed ogre returns to its original shape as it dies.
You are engulfed in poison gas.
You are more poisoned.
* * * LOW HITPOINT WARNING * * *
x2 You feel very sick.
Your base Polearms skill gained 2 levels and is now at level 2!
You take 12 damage, and have 17/93 hp.
Okay, then.
You are confused.
You feel invigorated.
You are engulfed in poison gas.
You are more poisoned.
* * * LOW HITPOINT WARNING * * *
x2 You feel very sick.
You take 5 damage, and have 12/93 hp.
Your magical effects are unravelling.
You feel magically purged.
You are engulfed in poison gas.
You are more poisoned.
* * * LOW HITPOINT WARNING * * *
You feel less invigorated.
You feel yourself slow down.
You feel less confused.
You feel a little less mighty now.
* * * LOW HITPOINT WARNING * * *
You feel extremely sick.
You take 8 damage, and have 4/93 hp.
Okay, then.
Unknown command.
Okay, then.
Okay, then.
Okay, then.
Okay, then.
Okay, then.
Okay, then.
You feel very buoyant.
You fly up into the air.
You are engulfed in poison gas.
You are more poisoned.
You die...
Your body falls in perfect tune with the rhythm.

.....##### #.........#
#.......#########.....)...#
#.......##......#....)(..[#
#.......##......#.........#
#...............>.........#
#..°....##......#.........#
##.D.....##......#.........#
#○.....<.##..°☼○.#.........#
#.#########..○@○.#.........#
##.........#.☼°°°##.......##
#.≈≈≈≈≈≈≈.##..○.###.....##
#≈..≈≈≈..≈ ####.# #..####
#≈.≈...≈.≈ #..##.##
#°○≈._.≈.≈ #.##.#
###°.≈...≈.≈ .##.#
#.#≈..≈≈≈..≈ .# #.#°≈≈≈≈≈≈≈.


There were no monsters in sight!

Vanquished Creatures
  A swamp dragon (D:9)
  Pikel (D:7)
  A gargoyle (D:6)
  Maggie (D:7)
  Jeremiah (D:7)
  Psyche (D:8)
  2 hornets
  Prince Ribbit (D:7)
  Sigmund (D:5)
  A wyvern (D:8)
  A shadow (D:9)
  Eustachio (D:4)
  Grum (D:8)
  2 steam dragons
  Edmund (D:5)
  4 water moccasins
  An orc warrior (D:7)
  3 ice beasts
  7 black bears
  4 wolves
  3 centaurs
  3 elf zombies (Ossuary)
  A lemure (D:6)
  3 kobold brigands
  3 bullfrogs (D:7)
  3 scorpions
  2 wights
  5 centaur zombies (Ossuary)
  9 hounds
  3 jellies
  3 human zombies (Ossuary)
  2 orc priests (D:5)
  A sleepcap (D:6)
  6 iguanas
  2 orc wizards
  3 mummies (Ossuary)
  11 adders
  A shadow imp (D:7)
  A white imp (D:6)
  2 dart slugs
  4 ribbon worms
  33 orcs
  9 ball pythons
  3 bats
  4 endoplasms
  4 giant cockroaches
  10 hobgoblins
  7 jackals
  14 kobolds
  5 quokkas
  6 frilled lizards
  4 goblins
  4 rats
210 creatures vanquished.

Notes
Turn   | Place    | Note
-------+----------+-------------------------------------------
     0 | D:1      | LostInTranslocation the Coglin Monk began the quest for the
                  | Orb.
     0 | D:1      | Reached XP level 1. HP: 18/18 MP: 1/1
   172 | D:1      | Reached XP level 2. HP: 24/24 MP: 2/2
   192 | D:1      | Found Huuw's Book Boutique.
   265 | D:1      | Found a faded altar of an unknown god.
   599 | D:2      | Reached skill level 4 in Fighting
   599 | D:2      | Reached XP level 3. HP: 23/31 MP: 3/3
   729 | D:2      | Reached XP level 4. HP: 37/38 MP: 4/4
   822 | D:2      | Found a snail-covered altar of Cheibriados.
   851 | D:2      | Reached skill level 5 in Fighting
  1798 | D:3      | Reached XP level 5. HP: 40/44 MP: 5/5
  2424 | D:3      | Noticed a centaur
  2430 | D:3      | Killed a centaur
  2431 | D:3      | Reached skill level 5 in Axes
  2431 | D:3      | Reached XP level 6. HP: 24/51 MP: 6/6
  2704 | D:4      | Found a sacrificial altar of Ru.
  2824 | D:4      | Found a staircase to the Ecumenical Temple.
  2833 | Temple   | Entered the Ecumenical Temple
  2843 | Temple   | Became a worshipper of Uskayaw the Reveller
  2843 | Temple   | Reached * piety under Uskayaw
  2864 | D:4      | Reached ** piety under Uskayaw
  2869 | D:4      | Reached *** piety under Uskayaw
  2986 | D:4      | Found a stormy altar of Qazlal.
  3222 | D:4      | Noticed Eustachio
  3230 | D:4      | Killed Eustachio
  3231 | D:4      | Reached skill level 1 in Armour
  3231 | D:4      | Reached XP level 7. HP: 49/56 MP: 7/7
  3648 | D:5      | Entered Level 5 of the Dungeon
  3697 | D:5      | Reached **** piety under Uskayaw
  3704 | D:5      | Noticed Sigmund
  3709 | D:5      | Found a sand-covered staircase.
  3714 | D:5      | Killed Sigmund
  3715 | D:5      | Reached skill level 6 in Fighting
  3804 | D:5      | Reached XP level 8. HP: 52/64 MP: 8/8
  3905 | Ossuary  | Entered an ossuary
  4146 | Ossuary  | Reached skill level 7 in Fighting
  4164 | Ossuary  | Reached ***** piety under Uskayaw
  4192 | Ossuary  | Reached skill level 1 in Invocations
  4277 | D:5      | Noticed Edmund
  4451 | D:5      | Killed Edmund
  4531 | D:5      | Reached XP level 9. HP: 65/73 MP: 10/10
  5024 | D:6      | Noticed a gargoyle
  5152 | D:6      | Reached skill level 8 in Fighting
  5254 | D:6      | Found Kyer's Armour Emporium.
  5397 | D:6      | Killed a gargoyle
  5642 | D:6      | Found a bloodstained altar of Trog.
  5887 | D:6      | Reached skill level 9 in Fighting
  6286 | D:7      | Noticed Pikel
  6349 | D:7      | Reached skill level 5 in Dodging
  6377 | D:7      | Noticed Prince Ribbit
  6397 | D:7      | Killed Prince Ribbit
  6473 | D:7      | Reached XP level 10. HP: 81/83 MP: 13/13
  6488 | D:7      | Killed Pikel
  6534 | D:7      | Reached skill level 10 in Fighting
  6732 | D:7      | Noticed Maggie
  6748 | D:7      | Killed Maggie
  6971 | D:7      | Noticed Jeremiah
  7225 | D:7      | Found a blossoming altar of Fedhas.
  7286 | D:7      | Killed Jeremiah
  7510 | D:8      | Noticed a brown ugly thing
  7973 | D:8      | Noticed Psyche
  7982 | D:8      | Killed Psyche
  8030 | D:8      | Reached skill level 11 in Fighting
  8265 | D:8      | Noticed Grum
  8425 | D:8      | Reached XP level 11. HP: 91/93 MP: 14/14
  8459 | D:8      | Killed Grum
  8545 | D:8      | Found a staircase to the Lair.
  8574 | D:8      | Found an ancient bone altar of Kikubaaqudgha.
  8576 | D:8      | Identified the orb of Unreason {*Rage, rF++ Will+ Stlth-}
  9005 | D:9      | Identified a scroll of acquirement
  9005 | D:9      | Acquired a +6 demon trident of venom
  9045 | D:9      | Found a sparkling altar of Nemelex Xobeh.
  9057 | D:9      | Noticed a two-headed ogre
  9077 | D:9      | a two-headed ogre changed into a swamp dragon
  9077 | D:9      | Noticed a swamp dragon
  9129 | D:9      | Killed a swamp dragon
  9131 | D:9      | HP: 4/93 [poison (poison gas)]
  9132 | D:9      | Engulfed by a cloud of poison gas

Illustrated notes

Levels and vault maps discovered:
D:1:      dpeg_arrival_arbitrary_c, layout_basic, serial_shops,
          nicolae_shop_tiny_waterfront, shapermc_ecumenical_altar_notcrosses,
          minmay_small_reverse_x
D:2:      layout_basic, basic_altar
D:3:      layout_basic
D:4:      layout_basic, nicolae_overflow_hidden_temple,
          nicolae_ru_path_of_blood, minmay_temple_entry_sparse_star,
          uniq_eustachio
D:5:      layout_loops_ring, mainiacjoe_ossuary_entry_dusty_tomb, uniq_edmund,
          uniq_sigmund
D:6:      layout_rooms, mainiacjoe_overflow_cross_hatched, serial_shops, shop,
          minmay_puff
D:7:      layout_basic, mainiacjoe_overflow_24_doors, nicolae_sextant,
          kennysheep_generic_room_12, uniq_prince_ribbit1, uniq_pikel,
          uniq_jeremiah, uniq_maggie
D:8:      layout_loops_ring, amcnicky_altar_gilded, due_lair_maze_entry_diamond,
          onia_ninara_dug_in_and_dangerous, uniq_psyche, uniq_grum
D:9:      layout_rooms, mainiacjoe_overflow_paths
Temple:   eino_temple_rhombus

Skill      XL: |  1  2  3  4  5  6  7  8  9 10 11 |
---------------+----------------------------------+-----
Fighting       | 4 5 6 7 9 11 | 11.3
Axes           | 5 6 7 |  7.2
Armour         | 1 3 4 |  4.2
Dodging        | 4 5 8 |  8.0
Invocations    | 2 4 |  4.5
Polearms       | 2 |  2.0

Action                     |  1- 3 |  4- 6 |  7- 9 | 10-12 || total
---------------------------+-------+-------+-------+-------++-------
  Melee: Hand axe          |    57 |    92 |       |       ||   149
         Flail             |       |   160 |   332 |   157 ||   649
         Short sword       |       |       |   238 |     9 ||   247
         Trident           |       |       |       |   112 ||   112
         Whip              |       |       |       |    53 ||    53
         Demon trident     |       |       |       |     7 ||     7
  Throw: Dart              |       |     5 |    10 |     3 ||    18
 Invoke: Stomp             |       |       |       |     1 ||     1
  Evoke: Wand              |       |       |       |     3 ||     3
    Use: Scroll            |     1 |    13 |     9 |     7 ||    30
         Potion            |       |       |     6 |    16 ||    22
   Stab: Paralysed         |       |     4 |    11 |    15 ||    30
 Armour: Scale mail        |    23 |   117 |   182 |       ||   322
         Leather armour    |       |       |    13 |   145 ||   158
         Skin              |       |       |       |     2 ||     2
  Dodge: Dodged            |    11 |    71 |   153 |   195 ||   430

Table legend: (Time is in decaauts)
 A = Elapsed time spent in this place.
 B = Non-inter-level travel time spent in this place.
 C = Inter-level travel time spent in this place.
 D = Time resting spent in this place.
 E = Time spent auto-exploring this place.
 F = Levels seen in this place.
 G = Mean time per level.
                   A        B        C        D        E       F      G
               +--------+--------+--------+--------+--------+-----+--------+
         Total |   9176 |   8588 |    588 |   1557 |   4724 |  11 |  834.2 |
       Dungeon |   8811 |   8232 |    579 |   1420 |   4693 |   9 |  979.0 |
        Temple |     20 |     11 |      9 |      0 |      0 |   1 |   20.0 |
       Ossuary |    344 |    344 |      0 |    137 |     31 |   1 |  344.0 |
               +--------+--------+--------+--------+--------+-----+--------+

Top non-repeatable levels by time:
     D:7: 1310 daAuts
     D:6: 1276 daAuts
     D:5: 1185 daAuts
     D:8: 1139 daAuts
     D:2: 1043 daAuts
     D:3: 1025 daAuts
     D:4: 1020 daAuts
     D:1: 575 daAuts
 Ossuary: 344 daAuts
     D:9: 233 daAuts
  Temple: 20 daAuts
